Match 28146482
Unlisted

Match 28146482
End
Construct Barracks
Selects Airborne Battlegroup
Selects Pathfinders
Pathfinder Squad
Riflemen Squad
Riflemen Squad
M1 Mortar Team
Mechanized Support Center
Construct Motor Pool
M8 Greyhound Armored Car
Selects Paratrooper Squad Paradrop
Construct Medical Station
Riflemen Squad
M1918 Browning Automatic Rifles
Rearm and Retrofit
Riflemen Squad
Grenade Package
Construct Medical Station
Selects Anti-tank Gun Team Paradrop
Selects Recon Loiter
Riflemen Squad
Riflemen Squad
Selects Paradrop Reinforcements
Paradrop Reinforcements
Construct Tank Depot
M18 Hellcat Tank Destroyer
M18 Hellcat Tank Destroyer
Engineer Squad
Paradrop Reinforcements
桂妮薇尔
CAuMOH
nub
FutureNP
0
0

Comments sign in to comment!

No comments posted yet!